ORI
UNIVERSITY OF VIRGINIA CAVALIERS @ UNIVERSITY OF NEBRASKA CORNHUSKERS
07/18/2049
 
TOP OF THE 1ST
University of Virginia Cavaliers batting - Pitching for University of Nebraska Cornhuskers : LHP Kyu-jin Kang
Pitching: LHP Kyu-jin Kang
Batting: RHB Alex Ruschin 0-0: Swinging Strike
0-1: Swinging Strike
0-2: Foul Ball, location: 2F
0-2: Fly out, F8 (Flyball, 8RM, EV 88.8 MPH)
Batting: RHB Scott Anderson 0-0: Called Strike
0-1: Swinging Strike
0-2: Strikes out swinging
Batting: LHB Edelberto Barbas 0-0: Foul Ball, location: 2F
0-1: Swinging Strike
0-2: Foul Ball, location: 2F
0-2: Ball
1-2: Strikes out swinging
Top of the 1st over - 0 runs, 0 hits, 0 errors, 0 left on base; University of Virginia 0 - University of Nebraska 0
BOTTOM OF THE 1ST
University of Nebraska Cornhuskers batting - Pitching for University of Virginia Cavaliers : RHP Arturo Vargas
Pitching: RHP Arturo Vargas
Batting: RHB Carlos Salazar 0-0: Ball
1-0: Called Strike
1-1: Called Strike
1-2: Strikes out swinging
Batting: RHB Danny Forbes 0-0: Swinging Strike
0-1: Ball
1-1: Foul Ball, location: 2F
1-2: Foul Ball, location: 2F
1-2: Foul Ball, location: 2F
1-2: Strikes out swinging
Batting: LHB Bob Appleby 0-0: Ball
1-0: Ball
2-0: Ball
3-0: Called Strike
3-1: Base on Balls
Batting: LHB David Sigmon 0-0: Ball
Bob Appleby steals 2nd base
1-0: Ground out 5-3 (Groundball, 5, EV 78.1 MPH)
Bottom of the 1st over - 0 runs, 0 hits, 0 errors, 1 left on base; University of Virginia 0 - University of Nebraska 0
TOP OF THE 2ND
University of Virginia Cavaliers batting - Pitching for University of Nebraska Cornhuskers : LHP Kyu-jin Kang
Batting: LHB Ray Nichter 0-0: Called Strike
0-1: Called Strike
0-2: Ball
1-2: Ball
2-2: Strikes out swinging
Batting: RHB Allen McCaskill 0-0: Ball
1-0: Called Strike
1-1: Ball
2-1: Foul Ball, location: 2F
2-2: Ball
3-2: Foul Ball, location: 2F
3-2: Foul Ball, location: 2F
3-2: Fly out, F8 (Flyball, 8LD, EV 106.9 MPH)
Batting: LHB Jeff Bruce 0-0: Called Strike
0-1: Fly out, F9 (Flyball, 9, EV 90.0 MPH)
Top of the 2nd over - 0 runs, 0 hits, 0 errors, 0 left on base; University of Virginia 0 - University of Nebraska 0
BOTTOM OF THE 2ND
University of Nebraska Cornhuskers batting - Pitching for University of Virginia Cavaliers : RHP Arturo Vargas
Batting: RHB Mario Lopec 0-0: Called Strike
0-1: Ball
1-1: Called Strike
1-2: Ground out 6-3 (Groundball, 56, EV 98.8 MPH)
Batting: LHB Mike Rawson 0-0: Ball
1-0: Ground out 4-3 (Groundball, 4, EV 85.6 MPH)
Batting: RHB Matt Peters 0-0: Ball
1-0: Swinging Strike
1-1: Swinging Strike
1-2: Ball
2-2: Strikes out swinging
Bottom of the 2nd over - 0 runs, 0 hits, 0 errors, 0 left on base; University of Virginia 0 - University of Nebraska 0
TOP OF THE 3RD
University of Virginia Cavaliers batting - Pitching for University of Nebraska Cornhuskers : LHP Kyu-jin Kang
Batting: LHB Toshiro Ishiguro 0-0: Ball
1-0: Ball
2-0: Called Strike
2-1: Ground out 4-3 (Groundball, 4, EV 80.6 MPH)
Batting: LHB Josh Doan 0-0: Called Strike
0-1: Ball
1-1: SINGLE (Flyball, 6MD, EV 90.0 MPH)
Batting: LHB Yutaka Ota 0-0: SINGLE (Line Drive, 89S, EV 107.5 MPH)
Josh Doan to second
Batting: RHB Alex Ruschin 0-0: Called Strike
0-1: Foul Ball, location: 2F
0-2: Grounds into double play, U6-3 (Groundball, P, EV 92.5 MPH)
Top of the 3rd over - 0 runs, 2 hits, 0 errors, 1 left on base; University of Virginia 0 - University of Nebraska 0
BOTTOM OF THE 3RD
University of Nebraska Cornhuskers batting - Pitching for University of Virginia Cavaliers : RHP Arturo Vargas
Batting: LHB Brock Ebeling 0-0: Ball
1-0: Ball
2-0: Called Strike
2-1: Swinging Strike
2-2: Ball
3-2: Strikes out swinging
Batting: LHB Kevin Brannon 0-0: Ball
1-0: SINGLE (Line Drive, 7S, EV 91.2 MPH)
Batting: RHB Carlos Salazar 0-0: Ball
1-0: Ball
2-0: Called Strike
2-1: Ball
3-1: Base on Balls
Kevin Brannon to second
Batting: RHB Danny Forbes 0-0: Ball
1-0: Ball
2-0: Foul Ball, location: 2F
2-1: Foul Ball, location: 2F
2-2: Foul Ball, location: 2F
2-2: Ball
3-2: Foul Ball, location: 2F
3-2: Base on Balls
Kevin Brannon to third
Carlos Salazar to second
Batting: LHB Bob Appleby 0-0: Fielders Choice at 2nd, 4-6 (Groundball, 4, EV 91.9 MPH)
Kevin Brannon scores
Carlos Salazar to third
Batting: LHB David Sigmon 0-0: Ball
1-0: Called Strike
1-1: 3-RUN HOME RUN (Flyball, 9D, EV 97.5 MPH), Distance : 369 ft
Batting: RHB Mario Lopec 0-0: Swinging Strike
0-1: Swinging Strike
0-2: Ball
1-2: Foul Ball, location: 2F
1-2: Ball
2-2: Foul Ball, location: 2F
2-2: Strikes out swinging
Bottom of the 3rd over - 4 runs, 2 hits, 0 errors, 0 left on base; University of Virginia 0 - University of Nebraska 4
TOP OF THE 4TH
University of Virginia Cavaliers batting - Pitching for University of Nebraska Cornhuskers : LHP Kyu-jin Kang
Batting: RHB Scott Anderson 0-0: Ball
1-0: Foul Ball, location: 2F
1-1: Swinging Strike
1-2: Fly out, F7 (Flyball, 7, EV 79.4 MPH)
Batting: LHB Edelberto Barbas 0-0: Foul Ball, location: 2F
0-1: Foul Ball, location: 2F
0-2: Ball
1-2: SINGLE (Groundball, 3D, EV 103.8 MPH)
Batting: LHB Ray Nichter 0-0: Ball
1-0: Ball
2-0: Ball
3-0: Called Strike
3-1: Base on Balls
Edelberto Barbas to second
Batting: RHB Allen McCaskill 0-0: Ball
1-0: Ball
2-0: Called Strike
2-1: Foul Ball, location: 2F
2-2: Strikes out swinging
Batting: LHB Jeff Bruce 0-0: Called Strike
0-1: Ground out U3 (Groundball, 34, EV 105.6 MPH)
Top of the 4th over - 0 runs, 1 hit, 0 errors, 2 left on base; University of Virginia 0 - University of Nebraska 4
BOTTOM OF THE 4TH
University of Nebraska Cornhuskers batting - Pitching for University of Virginia Cavaliers : RHP Arturo Vargas
Pitching: RHP Vince Connell
Batting: LHB Mike Rawson 0-0: Fly out, F7 (Flyball, 78M, EV 93.8 MPH)
Batting: RHB Matt Peters 0-0: Foul Ball, location: 2F
0-1: SOLO HOME RUN (Flyball, 8LXD, EV 107.5 MPH), Distance : 451 ft
Batting: LHB Brock Ebeling 0-0: Called Strike
0-1: Ball
1-1: Ball
2-1: Ball
3-1: Foul Ball, location: 2F
3-2: Base on Balls
Batting: LHB Kevin Brannon 0-0: Ball
1-0: Foul Ball, location: 2F
1-1: Called Strike
1-2: Strikes out swinging
Batting: RHB Carlos Salazar 0-0: SINGLE (Groundball, 6D, EV 105.6 MPH)
Brock Ebeling to second
Batting: RHB Danny Forbes 0-0: Ball
1-0: Foul Ball, location: 2F
1-1: Ball
2-1: Ground out 5-3 (Groundball, 5L, EV 103.8 MPH)
Bottom of the 4th over - 1 run, 2 hits, 0 errors, 2 left on base; University of Virginia 0 - University of Nebraska 5
TOP OF THE 5TH
University of Virginia Cavaliers batting - Pitching for University of Nebraska Cornhuskers : LHP Kyu-jin Kang
Pitching: LHP Samuel Hulbert
Now at 2B: Gary Luckwell
Now at SS: Tariq Garane
Now in CF: Andy Henn
Now in RF: Avicenna Abdul-Muta'al
Batting: LHB Toshiro Ishiguro 0-0: Ball
1-0: Foul Ball, location: 2F
1-1: Ball
2-1: Ground out 6-3 (Groundball, 6, EV 80.6 MPH)
Pitching: RHP Dana Buker
Batting: LHB Josh Doan 0-0: Swinging Strike
0-1: Ball
1-1: Ball
2-1: Swinging Strike
2-2: Ground out 5-3 (Groundball, 56, EV 92.5 MPH)
Batting: LHB Yutaka Ota 0-0: Ground out U3 (Groundball, 3, EV 86.9 MPH)
Top of the 5th over - 0 runs, 0 hits, 0 errors, 0 left on base; University of Virginia 0 - University of Nebraska 5
BOTTOM OF THE 5TH
University of Nebraska Cornhuskers batting - Pitching for University of Virginia Cavaliers : RHP Vince Connell
Now at 1B: Jeremy Weber
Now at 2B: Jason Thresher
Batting: LHB Avicenna Abdul-Muta'al 0-0: Called Strike
0-1: Ball
1-1: Ball
2-1: Ground out 6-3 (Groundball, 6, EV 83.1 MPH)
Batting: LHB David Sigmon 0-0: SINGLE (Line Drive, 4MD, EV 96.2 MPH)
Batting: SHB Gary Luckwell 0-0: Hit by Pitch
David Sigmon to second
Pinch Hitting: RHB Aidan Collet 0-0: Called Strike
0-1: Swinging Strike
0-2: Strikes out looking
Batting: RHB Jason Blakeley 0-0: Ball
1-0: Called Strike
1-1: Ball
2-1: Called Strike
2-2: Foul Ball, location: 2F
2-2: Foul Ball, location: 2F
2-2: Strikes out swinging
Bottom of the 5th over - 0 runs, 1 hit, 0 errors, 2 left on base; University of Virginia 0 - University of Nebraska 5
TOP OF THE 6TH
University of Virginia Cavaliers batting - Pitching for University of Nebraska Cornhuskers : RHP Dana Buker
Now at C: Will England
Now in LF: David Arevalo
Batting: RHB Jason Thresher 0-0: Swinging Strike
0-1: Called Strike
0-2: Strikes out swinging
Pinch Hitting: SHB Ethan Lewis 0-0: Called Strike
0-1: Ball
1-1: Called Strike
1-2: Strikes out swinging
Pinch Hitting: RHB Jose Velez 0-0: Ball
1-0: Foul Ball, location: 2F
1-1: Ground out 5-3 (Groundball, 5, EV 100.6 MPH)
Top of the 6th over - 0 runs, 0 hits, 0 errors, 0 left on base; University of Virginia 0 - University of Nebraska 5
BOTTOM OF THE 6TH
University of Nebraska Cornhuskers batting - Pitching for University of Virginia Cavaliers : RHP Vince Connell
Pitching: RHP Joe Miller
Now at C: Sean Carswell
Now at 3B: Maurice McDonald
Now in LF: Jose Velez
Now in CF: Ethan Lewis
Pinch Hitting: SHB Tom Mulholland 0-0: Called Strike
0-1: Foul Ball, location: 2F
0-2: Strikes out swinging
Batting: SHB Andy Henn 0-0: Ball
1-0: Called Strike
1-1: Called Strike
1-2: Ball
2-2: Foul Ball, location: 2F
2-2: Strikes out swinging
Batting: RHB Tariq Garane 0-0: Ball
1-0: Ground out 6-3 (Groundball, 6, EV 85.6 MPH)
Bottom of the 6th over - 0 runs, 0 hits, 0 errors, 0 left on base; University of Virginia 0 - University of Nebraska 5
TOP OF THE 7TH
University of Virginia Cavaliers batting - Pitching for University of Nebraska Cornhuskers : RHP Dana Buker
Now at 1B: Salvador Guillen
Batting: LHB Ray Nichter 0-0: Swinging Strike
0-1: Called Strike
0-2: Ball
1-2: Ball
2-2: Ball
3-2: Foul Ball, location: 2F
3-2: Strikes out looking
Batting: RHB Maurice McDonald 0-0: Ball
1-0: Called Strike
1-1: Called Strike
1-2: Strikes out swinging
Pinch Hitting: LHB Eustachio Bontempi 0-0: Called Strike
0-1: Swinging Strike
0-2: Foul Ball, location: 2F
0-2: Ball
1-2: Strikes out swinging
Top of the 7th over - 0 runs, 0 hits, 0 errors, 0 left on base; University of Virginia 0 - University of Nebraska 5
BOTTOM OF THE 7TH
University of Nebraska Cornhuskers batting - Pitching for University of Virginia Cavaliers : RHP Joe Miller
Now in RF: Eustachio Bontempi
Pinch Hitting: RHB Tim Bond 0-0: Ball
1-0: Ball
2-0: Called Strike
2-1: Fly out, F6 (Line Drive, 56, EV 60.6 MPH)
Batting: LHB Avicenna Abdul-Muta'al 0-0: Called Strike
0-1: Ball
1-1: Ball
2-1: Foul Ball, location: 2F
2-2: Strikes out looking
Batting: RHB David Arevalo 0-0: Ball
1-0: Ball
2-0: Foul Ball, location: 2F
2-1: SINGLE (Flyball, 78S, EV 92.5 MPH)
Batting: SHB Gary Luckwell 0-0: Ball
1-0: Called Strike
1-1: Swinging Strike
1-2: Ball
2-2: Ball
3-2: Hit by Pitch
David Arevalo to second
Batting: RHB Will England 0-0: Foul Ball, location: 2F
0-1: Ball
1-1: Swinging Strike
1-2: Fielders Choice at 2nd, 6-4 (Groundball, 6, EV 108.8 MPH)
Bottom of the 7th over - 0 runs, 1 hit, 0 errors, 2 left on base; University of Virginia 0 - University of Nebraska 5
TOP OF THE 8TH
University of Virginia Cavaliers batting - Pitching for University of Nebraska Cornhuskers : RHP Dana Buker
Pitching: LHP Nate Wood
Now at 3B: Tim Bond
Batting: RHB Rob Coble 0-0: Foul Ball, location: 2F
0-1: Swinging Strike
0-2: Foul Ball, location: 2F
0-2: Strikes out swinging
Batting: RHB Sean Carswell 0-0: Ball
1-0: Foul Ball, location: 2F
1-1: Foul Ball, location: 2F
1-2: Foul Ball, location: 2F
1-2: Foul Ball, location: 2F
1-2: Ground out 2-3 (Groundball, 2R, EV 68.8 MPH)
Batting: RHB Jeremy Weber 0-0: Called Strike
0-1: Foul Ball, location: 2F
0-2: Foul Ball, location: 2F
0-2: Strikes out swinging, 2-3 out at first.
Top of the 8th over - 0 runs, 0 hits, 0 errors, 0 left on base; University of Virginia 0 - University of Nebraska 5
BOTTOM OF THE 8TH
University of Nebraska Cornhuskers batting - Pitching for University of Virginia Cavaliers : RHP Joe Miller
Pitching: RHP Waldemar Toet
Batting: RHB Jason Blakeley 0-0: Ball
1-0: Ball
2-0: Fly out, F8 (Flyball, 8LXD, EV 93.8 MPH)
Batting: RHB Salvador Guillen 0-0: Called Strike
0-1: Called Strike
0-2: Strikes out swinging
Batting: SHB Andy Henn 0-0: Swinging Strike
0-1: Swinging Strike
0-2: Ball
1-2: Hit by Pitch
Batting: RHB Tariq Garane 0-0: Ball
Pickoff Throw to First - Out! 1-3 CS
Bottom of the 8th over - 0 runs, 0 hits, 0 errors, 0 left on base; University of Virginia 0 - University of Nebraska 5
TOP OF THE 9TH
University of Virginia Cavaliers batting - Pitching for University of Nebraska Cornhuskers : LHP Nate Wood
Pitching: RHP Harry Harper
Batting: RHB Jason Thresher 0-0: Foul Ball, location: 2F
0-1: Foul Ball, location: 2F
0-2: Foul Ball, location: 2F
0-2: Ball
1-2: Strikes out looking
Batting: SHB Ethan Lewis 0-0: Ball
1-0: Called Strike
1-1: Called Strike
1-2: Ball
2-2: Strikes out swinging
Batting: RHB Jose Velez 0-0: Called Strike
0-1: Ball
1-1: Swinging Strike
1-2: Strikes out swinging
Top of the 9th over - 0 runs, 0 hits, 0 errors, 0 left on base; University of Virginia 0 - University of Nebraska 5
Sunday, July 16th , 2023 - OOTP Baseball 24.6 Build 69